 Dungeon Crawl Stone Soup version 0.26.1-11-gd32895ea62 (webtiles) character file.

Game seed: 18253879516442932306

485 Nakano the Ruffian (level 6, -4/61 HPs)
             Began as a Troll Fighter on May 21, 2021.
             Was an Initiate of Trog.
             Killed by divine providence
             ... invoked by an orc priest
              (13 damage)
             ... on level 5 of the Dungeon.
             The game lasted 00:32:30 (1614 turns).

Nakano the Ruffian (Troll Fighter)                  Turns: 1614, Time: 00:32:30

Health: -4/61      AC:  9    Str: 27    XL:     6   Next: 88%
Magic:  5/5        EV:  7    Int:  4    God:    Trog [......]
Gold:   68         SH:  9    Dex:  9    Spells: 5/5 levels left

rFire    + . .     SeeInvis .     - Unarmed
rCold    x . .     Faith    .   r - +1 kite shield {AC+3}
rNeg     . . .     Spirit   .   a - +0 robe
rPois    .         Reflect  .   (helmet restricted)
rElec    .         Harm     .   (no cloak)
rCorr    .         Rampage  .   (gloves unavailable)
Will     .....                  (boots unavailable)
Stlth    +.........             (no amulet)
HPRegen  0.60/turn              t - ring of fire
MPRegen  0.09/turn              (no ring)

@: no status effects
A: large, unfitting armour, claws 3, regeneration 1, shaggy fur 1, tough skin 3
a: Renounce Religion


You were on level 5 of the Dungeon.
You worshipped Trog.
Trog was noncommittal.
You visited 2 branches of the dungeon, and saw 6 of its levels.

You collected 68 gold pieces.

Inventory:

Hand Weapons
 f - a +0 rapier
 h - a +0 dagger
 i - a +0 hunting sling
 k - a +0 mace
Missiles
 e - 34 arrows
 j - 18 bolts
Armour
 a - a +0 robe (worn)
 b - a +1 kite shield
 d - a cursed +0 robe
 n - a +0 chain mail
 r - a +1 kite shield of protection (worn)
Jewellery
 t - a ring of fire (left claw)
Wands
 o - a wand of disintegration (13)
 q - a wand of digging (3)
 u - a wand of polymorph (6)
Scrolls
 s - a scroll of teleportation
Potions
 g - 3 potions of curing
 m - 2 potions of berserk rage {unknown}


   Skills:
 + Level 3.0(1.5) Fighting
 + Level 3.5(1.7) Dodging
 + Level 3.2(1.6) Shields
 * Level 5.8(2.9) Unarmed Combat


You had 5 spell levels left.
You didn't know any spells.
Your spell library was empty.

Dungeon Overview and Level Annotations

Branches:
Dungeon (5/15)             Temple (1/1) D:5

Altars:
Ashenzari
Dithmenos
Fedhas
Gozag
Hepliaklqana
Makhleb
Nemelex Xobeh
Okawaru
Qazlal
Trog
Vehumet
Yredelemnul
Zin


Innate Abilities, Weirdness & Mutations

You are too large for most types of armour.
You have claws for hands.
Your natural rate of healing is unusually fast.
You are covered in fur. (AC +1)
You have extremely tough skin. (AC +3)


Message History

* * * LOW HITPOINT WARNING * * *
The orc priest hits you but does no damage.
It was a potion of cancellation.
Your magical effects are unravelling.
You feel magically purged.
You feel a little less mighty now.
Your resistance to elements expires.
The orc wizard gestures wildly while chanting.
The orc wizard blinks!
You block the orc's attack. The orc priest barely misses you.
You block the orc's attack.
You scratch the orc.
The orc is almost dead.
The orc hits you but does no damage.
The orc priest hits you but does no damage.
You block the orc's attack.
You barely miss the orc.
The orc is almost dead.
The orc hits you but does no damage.
The orc priest calls down the wrath of Beogh upon you.
Beogh smites you!
You die...

........*#...#........,,**,*,,,*,
........,,...#........,,**,*,,,*,
......##,,,...........,,**,,,,,,,
........,,,,..........*****,,,,,,
........,,,,#.........*,,,,,,,,,,
.##.[,,,,,,,#........#*,,,,,,,,,,
.#*,,,,,,,,,#.$.#******,,,,,,,,,,
.#***,,,,####..o####,,,,,...,,,,,
.#***,,,,#......@..#,,,,,...,,,,,
.#,,,,,,,#.....oo..#,,,,....,,,,,
#...............o..#***.....,,,,,
.#.................####.....,,,,,
#+......<..................#**,,,
..,..#.....................#**+*,
.....+*.#........###'###...h,,,,,
.....#,*.#.......#.....#,,,.,,,,,
....#.#.#,*.#....#.⌠.⌠.#*,,,,,,,,


You could see an orc priest, an orc wizard (fast) and 2 orcs.

Vanquished Creatures
  An ice beast (D:5)
  A jelly (D:5)
  A bullfrog skeleton (D:4)
  2 orc priests (D:5)
  5 orc wizards
  Ijyb (D:4)
  A worker ant (D:5)
  Robin (D:3)
  A worker ant zombie (D:5)
  An adder (D:4)
  A white imp (D:5)
  2 adder zombies (D:5)
  A worm (D:3)
  13 orcs
  3 bats (D:3)
  A giant cockroach (D:4)
  8 goblins (D:3)
  3 hobgoblins (D:3)
  2 quokkas (D:5)
  A frilled lizard (D:5)
50 creatures vanquished.

Notes
Turn   | Place    | Note
-------+----------+-------------------------------------------
     0 | D:1      | Nakano the Troll Fighter began the quest for the Orb.
     0 | D:1      | Reached XP level 1. HP: 22/22 MP: 0/0
   108 | D:1      | You fall into a shaft and drop 1 floor!
   224 | D:2      | You fall into a shaft and drop 1 floor!
   330 | D:3      | Reached XP level 2. HP: 29/29 MP: 1/1
   375 | D:3      | Noticed Robin
   408 | D:3      | Killed Robin
   409 | D:3      | Reached XP level 3. HP: 18/36 MP: 2/2
   599 | D:4      | Reached skill level 3 in Unarmed Combat
   599 | D:4      | Reached XP level 4. HP: 44/44 MP: 3/3
   688 | D:4      | Reached XP level 5. HP: 48/52 MP: 4/4
   813 | D:4      | Noticed Ijyb
   819 | D:4      | Killed Ijyb
   951 | D:4      | Reached skill level 4 in Unarmed Combat
  1010 | D:5      | Entered Level 5 of the Dungeon
  1202 | D:5      | Reached XP level 6. HP: 54/61 MP: 5/5
  1221 | D:5      | Reached skill level 5 in Unarmed Combat
  1244 | D:5      | Found a staircase to the Ecumenical Temple.
  1250 | Temple   | Entered the Ecumenical Temple
  1258 | Temple   | Became a worshipper of Ashenzari the Shackled
  1336 | Temple   | Fell from the grace of Ashenzari
  1336 | Temple   | Became a worshipper of Trog the Wrathful
  1571 | D:5      | Noticed an ice beast
  1582 | D:5      | Killed an ice beast
  1610 | D:5      | HP: 1/61 [orc wizard/+2 dagger of venom (4)]
  1614 | D:5      | Killed from afar by an orc priest

Illustrated notes

Levels and vault maps discovered:
D:1:      dpeg_arrival_shelter, layout_basic, minmay_misc_feat_enclosed,
          serial_bayou_crossing
D:2:      layout_loops_ring, nicolae_overflow_hidden_temple,
          nicolae_overflow_crystal_walls, serial_bayou_pond_e, uniq_jessica
D:3:      wander_river, layout_basic, uniq_grinder, uniq_robin
D:4:      layout_rooms, uniq_ijyb
D:5:      layout_basic, grunt_temple_overflow_diamond, minmay_temple_entry_hall,
          minmay_misc_feat_ornament
Temple:   dpeg_chambers_temple

Skill      XL: |  1  2  3  4  5  6 |
---------------+-------------------+-----
Shields        | 3 |  3.2
Unarmed Combat | 3 4 5 |  5.8
Dodging        | 3 |  3.5
Fighting       | 3 |  3.0

Action                   |  1- 3 |  4- 6 || total
-------------------------+-------+-------++-------
Melee: Unarmed           |    55 |   100 ||   155
  Use: Scroll            |     4 |     1 ||     5
       Potion            |       |     4 ||     4
Armor: Robe              |    25 |    52 ||    77
Dodge: Dodged            |    18 |    31 ||    49
Block: Kite shield       |    25 |    38 ||    63
